 Dungeon Crawl Stone Soup version 0.30.0-29-ga12c61a403 (webtiles) character file.

Game seed: 13086718458784968225

2394 McKennaii the Trooper (level 9, -3/72 HPs)
             Began as a Demonspawn Fighter on June 5, 2023.
             Slain by Pikel
             ... wielding a +2 whip of freezing
              (4 damage)
             ... on level 7 of the Dungeon.
             The game lasted 00:09:17 (7874 turns).

McKennaii the Trooper (Demonspawn Fighter)          Turns: 7874, Time: 00:09:18

Health: -3/72      AC: 16    Str: 21    XL:     9   Next: 22%
Magic:  0/9        EV:  8    Int:  9    God:
Gold:   519        SH:  5    Dex: 13    Spells: 8/8 levels left

rFire   . . .        a - +0 trident
rCold   . . .        c - +0 buckler
rNeg    + . .        o - +0 chain mail
rPois   .            (helmet restricted)
rElec   .            (no cloak)
rCorr   .            (no gloves)
SInv    .            j - +1 pair of boots
Will    .....        (no amulet) Stlth
                     b - +4 ring of protection
HPRegen 0.32/turn    y - ring of positive energy
MPRegen 0.22/turn

%: guardian spirit
@: no status effects
A: antennae 2, powered by pain 1, magic shield, magic regeneration
a: no special abilities


You were on level 7 of the Dungeon.
You visited 2 branches of the dungeon, and saw 8 of its levels.
You also visited: Sewer.

You collected 519 gold pieces.

Inventory:

Hand Weapons
 a - a +0 trident (weapon)
 q - a +2 heavy broad axe
Missiles
 k - a throwing net (quivered)
Armour
 c - a +0 buckler (worn)
 j - a +1 pair of boots (worn)
 o - a +0 chain mail (worn)
Jewellery
 b - a +4 ring of protection (left hand)
 g - an amulet of faith
 p - a +6 ring of intelligence
 y - a ring of positive energy (right hand)
Wands
 h - a wand of acid (3)
 s - a wand of flame (11)
 z - a wand of paralysis (5)
Scrolls
 f - a scroll of brand weapon
 l - 3 scrolls of immolation
 n - 3 scrolls of enchant armour
 r - 3 scrolls of summoning
 v - 3 scrolls of enchant weapon
 w - a scroll of teleportation
 x - a scroll of fear
 B - a scroll of identify
 C - a scroll of poison {unknown}
Potions
 d - 2 potions of might
 e - 2 potions of mutation
 i - a potion of resistance
 m - 3 potions of lignification
 t - a potion of curing
 A - a potion of haste {unknown}


   Skills:
 + Level 7.0 Fighting
 + Level 6.0 Polearms
 + Level 6.3 Armour
 - Level 6.0 Shields


You had 8 spell levels left.
You didn't know any spells.
Your spell library contained the following spells:

 Spells                   Type           Power      Damage    Failure   Level
 Kiss of Death            Conj/Necr      0%         2d5       96%         1
 Confusing Touch          Hex            0%         N/A       100%        3
 Dispel Undead            Necr           0%         3d6       100%        4
 Manifold Assault         Tloc           0%         N/A       100%        4
 Dispersal                Tloc           0%         N/A       100%        6
 Simulacrum               Ice/Necr       0%         N/A       100%        6
 Ozocubu's Refrigeration  Ice            0%         4d7       100%        7
 Disjunction              Tloc           0%         N/A       100%        8
 Polar Vortex             Ice            0%         N/A       100%        9


Dungeon Overview and Level Annotations

Branches:
Dungeon (7/15)             Temple (1/1) D:5           Sewer (visited)

Altars:
Dithmenos
Fedhas
Gozag
Hepliaklqana
Kikubaaqudgha
Nemelex Xobeh
Okawaru
Ru
Sif Muna
Uskayaw
Wu Jian
Xom
Yredelemnul

Shops:
D:4 =

Annotations:
D:7 Pikel


Innate Abilities, Weirdness & Mutations

You have a pair of antennae on your head.
You sometimes gain a little power by taking damage.
When hurt, damage is shared between your health and your magic reserves.
You regenerate magic rapidly.


Message History

You closely miss Pikel.
Pikel is heavily wounded.
Pikel hits you but does no damage.
You hit Pikel but do no damage.
Pikel is heavily wounded.
Pikel completely misses you.
You barely miss Pikel.
Pikel is heavily wounded.
Pikel hits you but does no damage.
You hit Pikel.
Pikel is heavily wounded.
Pikel hits you with a +2 whip of freezing!
Pikel freezes you.
You hit Pikel but do no damage.
Pikel is heavily wounded.
Pikel hits you with a +2 whip of freezing.
Pikel freezes you.
You closely miss Pikel.
Pikel is heavily wounded.
Pikel hits you with a +2 whip of freezing!
* * * LOW HITPOINT WARNING * * *
Pikel freezes you.
* * * LOW HITPOINT WARNING * * *
You puncture Pikel!
Pikel is severely wounded.
Pikel hits you with a +2 whip of freezing.
* * * LOW HITPOINT WARNING * * *
Pikel freezes you.
* * * LOW HITPOINT WARNING * * *
Okay, then.
You hit Pikel.
Pikel is almost dead.
You are no longer corroded.
Pikel barely misses you.
You miss Pikel.
Pikel is almost dead.
Pikel hits you with a +2 whip of freezing!
* * * LOW HITPOINT WARNING * * *
Pikel freezes you.
You die...

####### ......# #
.###''## .# .##≈..≈##{ ..
##≈≈..≈≈###########.##..#
#≈≈~.~~≈≈#......@K5......
+...♣.~..'.#######5..#..#
+..~.♣...'.# ...#
#≈≈~~.~≈≈### ...#
##≈≈..≈≈## ...# ###≈..≈##
.... #.##''#### ##.#.
#.......<# .#..
#.....####


You could see Pikel and 2 lemures.

Vanquished Creatures
  Grinder (D:3)
  A water moccasin (D:7)
  2 sky beasts
  3 ice beasts
  An orc warrior (D:6)
  2 ogres
  2 lemures
  3 bullfrogs
  3 scorpions
  A crimson imp (D:6)
  3 orc priests
  7 jellies
  3 hounds
  A sleepcap (D:5)
  3 iguanas
  4 orc wizards
  Natasha (thrice) (D:3)
  9 adders
  2 shadow imps
  5 white imps
  2 ufetubi
  A worm (D:2)
  8 dart slugs
  16 orcs
  13 ball pythons
  6 bats
  19 endoplasms
  12 giant cockroaches
  4 goblins
  6 hobgoblins
  2 jackals (D:1)
  12 quokkas
  7 frilled lizards
  5 kobolds
  2 rats
174 creatures vanquished.

Notes
Turn   | Place    | Note
-------+----------+-------------------------------------------
     0 | D:1      | McKennaii the Demonspawn Fighter began the quest for the
                  | Orb.
     0 | D:1      | Reached XP level 1. HP: 18/18 MP: 1/1
   115 | D:1      | Gained mutation: You have a pair of small antennae on your
                  | head. [demonic ancestry]
   115 | D:1      | Reached XP level 2. HP: 18/24 MP: 2/2
   957 | D:2      | Gained mutation: You regenerate magic rapidly. [demonic
                  | ancestry]
   957 | D:2      | Reached XP level 3. HP: 26/29 MP: 3/3
  1264 | D:2      | Found an opulent altar of Gozag.
  1596 | D:3      | Noticed Natasha
  1606 | D:3      | Killed Natasha
  1607 | D:3      | Reached XP level 4. HP: 17/36 MP: 4/4
  1702 | D:3      | Noticed Natasha
  1712 | D:3      | Killed Natasha
  1802 | D:3      | Found a glowing drain.
  1822 | Sewer    | Entered a sewer
  1835 | Sewer    | Reached XP level 5. HP: 38/42 MP: 5/5
  2137 | Sewer    | Reached skill level 4 in Fighting
  2346 | Sewer    | Gained mutation: You have a pair of antennae on your head.
                  | [demonic ancestry]
  2346 | Sewer    | Reached XP level 6. HP: 24/48 MP: 6/6
  2450 | D:3      | Noticed Grinder
  2457 | D:3      | Killed Grinder
  2536 | D:3      | Noticed Natasha
  2549 | D:3      | Killed Natasha
  2550 | D:3      | Gained mutation: When hurt, damage is shared between your
                  | health and your magic reserves. [demonic ancestry]
  2550 | D:3      | Reached XP level 7. HP: 37/55 MP: 7/7
  3349 | D:4      | Found a sacrificial altar of Ru.
  3392 | D:4      | Found Hasem's Jewellery Shop.
  3438 | D:4      | Reached skill level 5 in Fighting
  3581 | D:4      | Found an iron altar of Okawaru.
  3776 | D:4      | Found a sparkling altar of Nemelex Xobeh.
  4097 | D:5      | Entered Level 5 of the Dungeon
  4154 | D:5      | Reached skill level 5 in Armour
  4347 | D:5      | Reached skill level 5 in Shields
  4347 | D:5      | Reached XP level 8. HP: 50/63 MP: 5/8
  4654 | D:5      | Found a staircase to the Ecumenical Temple.
  5166 | D:6      | Reached skill level 5 in Polearms
  5262 | D:6      | Reached skill level 6 in Fighting
  6504 | Temple   | Entered the Ecumenical Temple
  6629 | D:7      | Noticed Pikel
  6729 | D:7      | Found a shimmering altar of Xom.
  6735 | D:7      | Gained mutation: You sometimes gain a little power by
                  | taking damage. [demonic ancestry]
  6735 | D:7      | Reached XP level 9. HP: 61/71 MP: 7/9
  6742 | D:7      | Identified the +4 ring mail "Huoj" {Dex+2}
  7850 | D:7      | Reached skill level 7 in Fighting
  7874 | D:7      | HP: 1/72 [Pikel/+2 whip of freezing (9)]
  7874 | D:7      | Slain by Pikel

Illustrated notes

Levels and vault maps discovered:
D:1:      dpeg_arrival_rooms_a, layout_loops_cross, st_stairs_3
D:2:      layout_basic, basic_altar, grunt_decor_one_mirror
D:3:      layout_loops_ring, portal_sewer_entry_f, uniq_natasha, uniq_grinder
D:4:      layout_rooms, elyvilon_altar_1, lemuel_crystal_altar,
          okawaru_ov_weapons_minmay, nemelex_diamond_rough_becter,
          minmay_shop_enchanted_jewellery
D:5:      layout_rooms, minmay_temple_entry_gardened_gates
D:6:      layout_loops_ring, minmay_fire_ice_demons
D:7:      layout_basic, mainiacjoe_overflow_brackets,
          dreamdust_princess_corridor, kennysheep_generic_room_3, uniq_pikel
Temple:   dpeg_three_leaves_temple

Skill      XL: |  1  2  3  4  5  6  7  8  9 |
---------------+----------------------------+-----
Polearms       | 2 3 4 5 6 |  6.0
Armour         | 3 4 5 6 |  6.3
Shields        | 3 4 5 6 |  6.0
Fighting       | 4 5 6 7 |  7.0

Action                     |  1- 3 |  4- 6 |  7- 9 || total
---------------------------+-------+-------+-------++-------
  Melee: Trident           |   135 |   251 |   568 ||   954
  Evoke: Wand              |       |     1 |     1 ||     2
    Use: Scroll            |     5 |     2 |     4 ||    11
         Potion            |       |       |     2 ||     2
   Stab: Paralysed         |       |       |     5 ||     5
 Armour: Scale mail        |    72 |   110 |   128 ||   310
         Chain mail        |       |       |    99 ||    99
  Dodge: Dodged            |    39 |   106 |   186 ||   331
  Block: Buckler           |    25 |    76 |   112 ||   213
